 Dungeon Crawl Stone Soup version 0.18.1-50-g88ac8fd (webtiles) character file.

10195 Amnesiac the Brilliant (level 11, -3/79 HPs)
             Began as a Merfolk Fighter on Mar 8, 2018.
             Was a High Priest of Pakellas.
             Shot with a bolt by an orc knight (22 damage)
             ... on level 1 of the Orcish Mines.
             The game lasted 00:37:29 (11658 turns).

Amnesiac the Brilliant (Merfolk Fighter)           Turns: 11658, Time: 00:37:30

Health: -3/79      AC: 13    Str: 19    XL:     11   Next: 58%
Magic:  11/20      EV:  7    Int:  4    God:    Pakellas [*****.]
Gold:   229        SH: 11    Dex: 16    Spells: 0 memorised, 10 levels left

rFire  + . .     SeeInvis +     a - +1 short sword (speed)
rCold  . . .     Gourm    +     K - +0 plate armour (curse)
rNeg   . . .     Faith    .     c - +1 shield
rPois  .         Spirit   .     (no helmet)
rElec  .         Dismiss  .     (no cloak)
rCorr  .         Reflect  .     (gloves unavailable)
SustAt .         Harm     .     (no boots)
MR     +....                    P - amulet of the gourmand
Stlth  ..........               H - ring of see invisible
                                J - ring of protection from fire

@: somewhat resistant to hostile enchantments, extremely unstealthy
A: change form in water, swift swim, claws 3, agile 1, dopey 2, magic resistance
1, wild magic 1
a: Quick Charge, Device Surge, Renounce Religion


You were on level 1 of the Orcish Mines.
You worshipped Pakellas.
Pakellas was extremely pleased with you.
You were very full.

You visited 3 branches of the dungeon, and saw 12 of its levels.

You collected 476 gold pieces.
You spent 232 gold pieces at shops.

Inventory:

Hand Weapons
 a - a +1 short sword of speed (weapon)
 y - a +1 hand axe of flaming
Missiles
 h - 7 needles of paralysis
 r - 4 throwing nets (quivered)
Armour
 c - a +1 shield (worn)
 K - a cursed +0 plate armour (worn)
 N - a +0 pair of gloves
Rods
 b - a +1 iron rod (4/12)
   (Pakellas gifted it to you on level 9 of the Dungeon)
Jewellery
 H - a ring of see invisible (right claw)
 J - a ring of protection from fire (left claw)
 P - an amulet of the gourmand (around neck)
Wands
 e - a wand of iceblast (0/15)
 g - a wand of confusion (5/48)
 p - a wand of paralysis (5/24)
 w - a wand of flame (0/48)
 D - a wand of enslavement (5/24)
 I - a wand of random effects (11/48)
 S - a wand of lightning (9/15)
Scrolls
 k - 2 scrolls of amnesia {!r}
 n - 4 scrolls of enchant armour {!r}
 s - a scroll of fog {!r}
 t - a scroll of blinking {!r}
 x - 3 scrolls of teleportation {!r}
 B - a scroll of holy word {!r}
 F - 3 scrolls of enchant weapon {!r}
 G - 2 scrolls of remove curse {!r}
 R - a scroll of identify {!r}
 V - a scroll of silence {!r}
Potions
 d - 2 potions of might {!q}
 l - 2 potions of resistance {!q}
 o - a potion of heal wounds {!q}
 u - 3 potions of haste {!q}
 E - a potion of cure mutation {!q}
 M - 2 potions of ambrosia {!q}
 T - a potion of magic {!q}
Books
 A - a book of Party Tricks

   Spells                             Type                      Level
   a - Summon Butterflies             Summoning                    1
   b - Apportation                    Translocation                1
   c - Tukima's Dance                 Hexes                        3
   d - Alistair's Intoxication        Transmutation/Poison         5
   e - Invisibility                   Hexes                        6
 L - a book of the Dragon

   Spells                             Type                      Level
   a - Flame Tongue                   Conjuration/Fire             1
   b - Cause Fear                     Hexes                        4
   c - Bolt of Fire                   Conjuration/Fire             6
   d - Dragon Form                    Transmutation                7
   e - Dragon's Call                  Summoning                    9
 O - a book of the Tempests

   Spells                             Type                      Level
   a - Static Discharge               Conjuration/Air              3
   b - Lightning Bolt                 Conjuration/Air              5
   c - Fireball                       Conjuration/Fire             5
   d - Tornado                        Air                          9
   e - Shatter                        Earth                        9
Miscellaneous
 j - a sack of spiders
 m - a stone of tremors
 v - a phial of floods
 z - a plain deck of wonders {drawn: 2}
Comestibles
 f - 10 bread rations
 i - 3 beef jerkies
 q - 8 meat rations
 C - 14 fruits
 Q - 3 chunks of flesh
 U - 7 slices of pizza


   Skills:
 - Level 5.0 Fighting
 - Level 8.0 Short Blades
 - Level 6.6 Armour
 + Level 7.8 Dodging
 - Level 5.0 Shields
 - Level 12.0 Evocations


You had 10 spell levels left.
You didn't know any spells.

Dungeon Overview and Level Annotations

Branches:
Dungeon (10/15)            Temple (1/1) D:7            Lair (0/8) D:8
    Orc (1/2) D:10

Altars:
Ashenzari
Cheibriados
Dithmenos
Elyvilon
Fedhas
Gozag
Kikubaaqudgha
Makhleb
Nemelex Xobeh
Okawaru
Pakellas
Qazlal
Ru
Sif Muna
Trog
Vehumet
Xom
Yredelemnul
Zin
The Shining One

Shops:
D:4 :   D:7 ?   D:8 }

Annotations:
D:4 Eustachio


Innate Abilities, Weirdness & Mutations

You revert to your normal form in water.
You are very nimble and swift while swimming.
You have claws for hands.
You are agile. (Dex +2)
You are very dopey. (Int -4)
You are resistant to hostile enchantments.
Your spells are a little harder to cast, but a little more powerful.


Message History

Something closely misses your orc warrior.
There is a staircase back to the Dungeon here.
You see here an orc corpse.
The orc sorcerer closely misses your orc warrior.
Something hits your orc warrior.
The orc knight unwields an uncursed long sword.
The orc knight wields an uncursed arbalest.
The orc knight shoots a bolt.
The bolt hits your orc warrior.
Something barely misses your orc warrior.
The orc sorcerer hits your orc warrior with a dagger.
Something barely misses your orc warrior.
Something hits your orc warrior.
The orc sorcerer hits your orc warrior but does no damage.
The orc knight roars a battlecry!
The orc goes into a battle-frenzy!
Something hits your orc warrior but does no damage.
The orc sorcerer hits your orc warrior with a dagger.
Your orc warrior dies!
Evoke which item? (* to show all) (? for menu, Esc to quit)
Zapping:
D - a wand of enslavement (9/24)
Press: ? - help, Shift-Dir - straight line, f - orc sorcerer
Aim: an orc sorcerer, wielding a dagger and wearing a robe (chance to defeat MR: 52%)
The orc sorcerer resists with significant effort.
This wand has 8 charges left.
Evoke which item? (* to show all) (? for menu, Esc to quit)
Zapping:
D - a wand of enslavement (8/24)
Press: ? - help, Shift-Dir - straight line, f/p - orc sorcerer
Aim: an orc sorcerer, wielding a dagger and wearing a robe (chance to defeat MR: 52%)
The orc is charmed.
This wand has 7 charges left.
The orc hits your orc with a short sword.
Your orc dies!
Evoke which item? (* to show all) (? for menu, Esc to quit)
Zapping:
D - a wand of enslavement (7/24)
Press: ? - help, Shift-Dir - straight line, f/p - orc sorcerer
Aim: an orc sorcerer, wielding a dagger and wearing a robe (chance to defeat MR: 52%)
The orc is charmed.
This wand has 6 charges left.
The orc sorcerer points at you and mumbles some strange words.
The bolt of fire hits your orc.
Your orc dies!
The bolt of fire misses you.
Evoke which item? (* to show all) (? for menu, Esc to quit)
Zapping:
D - a wand of enslavement (6/24)
Press: ? - help, Shift-Dir - straight line, f/p - orc sorcerer
Aim: an orc sorcerer, wielding a dagger and wearing a robe (heavily wounded, chance to defeat MR: 52%)
The orc sorcerer is charmed.
This wand has 5 charges left.
Something misses your orc sorcerer.
The orc barely misses your orc sorcerer.
The orc hits your orc sorcerer with a flail!
What do you say? t - Shout!
Orders for allies: a - Attack new target. p - Attack previous target. r - Retreat! s - Stop attacking. w - Wait here. f - Follow me.
Anything else - Stay silent.
Gang up on whom?
Press: ? - help, Dir - move target cursor, f - orc knight, p - orc sorcerer
Aim: an orc knight, wielding an arbalest and wearing a chain mail (heavily wounded) Attack!
The orc knight roars a battlecry!
The orc knight shoots a bolt.
The bolt barely misses your orc sorcerer.
The bolt hits you!!
You die...
Pakellas says: That's one more possible approach eliminated.

.# # . ... .##.#..
#... ...#.... ## T
#...# #......# .###o
#... #......# #....#
#... ##....# ###...#
#...###.$...###.....#
#).#.......#......#
#.@........o....#
##..[###.......## #
#..)o#...o..(..##.
##.##oo...........
####.o...#..oo...
#..o...####.o...
###.$...###oT..#
##....#....##>
#.........# #


You could see an orc knight, 2 orcs and a friendly orc sorcerer.

Vanquished Creatures
  Maud (D:10)
  A hydra (D:10)
  An orc knight (Orc:1)
  2 ugly things
  Grinder (D:4)
  2 trolls
  A wraith (D:10)
  7 yaks
  The ghost of Amnesiac the Cutter, an amateur MfFi (D:5)
  Menkaure (D:5)
  Duvessa (D:7)
  2 water moccasins
  3 orc warriors
  A necrophage (D:7)
  2 sky beasts (D:8)
  5 ogres
  A phantom (D:10)
  5 centaurs
  3 big kobolds (D:10)
  2 giant frogs
  Dowan (D:7)
  A water moccasin skeleton (D:9)
  10 wights
  4 howler monkeys
  3 crimson imps
  A centaur zombie (D:8)
  2 giant frog zombies
  An orc priest (D:3)
  3 centaur skeletons
  6 hounds
  9 orc wizards
  2 gnoll shamans
  4 jellies
  Jessica (D:2)
  Natasha (thrice) (D:3)
  10 worker ants
  2 iguanas
  A killer bee zombie (D:10)
  2 sheep (D:10)
  A worker ant zombie (D:10)
  6 adders
  16 gnolls
  A river rat (D:8)
  5 shadow imps
  2 oozes (D:1)
  5 worms
  A dart slug (D:3)
  3 giant geckos
  41 orcs
  8 giant cockroaches
  6 goblins
  10 hobgoblins
  4 jackals
  9 kobolds
  A quokka (D:2)
  3 ball pythons
  18 bats
  A giant gecko skeleton (D:4)
  6 giant newts
  A jackal skeleton (D:7)
  12 rats
269 creatures vanquished.

Vanquished Creatures (collateral kills)
  Edmund (D:5)
  An ice beast (D:6)
  2 ogres
  2 gnolls (D:4)
  An adder zombie (D:5)
  5 orcs
  2 hobgoblins (D:4)
14 creatures vanquished.

Vanquished Creatures (others)
  An orc warrior (Orc:1)
  A troll (Orc:1)
  2 orcs (Orc:1)
  A fungus (D:8)
5 creatures vanquished.

Grand Total: 288 creatures vanquished

Notes
Turn   | Place    | Note
--------------------------------------------------------------
     0 | D:1      | Amnesiac the Merfolk Fighter began the quest for the Orb.
     0 | D:1      | Reached XP level 1. HP: 18/18 MP: 1/1
    48 | D:1      | Reached XP level 2. HP: 14/24 MP: 2/2
   219 | D:1      | Found a sparkling altar of Nemelex Xobeh.
   238 | D:2      | Reached XP level 3. HP: 26/29 MP: 3/3
   297 | D:2      | Noticed Jessica
   306 | D:2      | Killed Jessica
   357 | D:2      | Reached skill level 5 in Short Blades
   392 | D:2      | Reached XP level 4. HP: 35/35 MP: 4/4
   902 | D:4      | Reached XP level 5. HP: 33/41 MP: 5/5
  1132 | D:4      | Noticed Eustachio
  1133 | D:4      | Noticed an ogre
  1161 | D:5      | Entered Level 5 of the Dungeon
  1217 | D:5      | Noticed Amnesiac's ghost (amateur MfFi)
  1247 | D:5      | Killed Amnesiac's ghost
  1247 | D:5      | Reached XP level 6. HP: 34/47 MP: 6/6
  1273 | D:5      | You fall through a shaft for 3 floors!
  1570 | D:8      | Found an iron altar of Okawaru.
  1702 | D:8      | Noticed a necrophage
  1724 | D:7      | Killed a necrophage
  1724 | D:7      | Reached XP level 7. HP: 34/50 MP: 7/7
  1838 | D:7      | Found a shadowy altar of Dithmenos.
  1838 | D:7      | Found an opulent altar of Gozag.
  1882 | D:7      | Found a staircase to the Ecumenical Temple.
  1904 | D:7      | Found Bosmatan's Magic Scroll Boutique.
  1909 | Temple   | Entered the Ecumenical Temple
  2007 | D:6      | Found an oddly glowing altar of Pakellas.
  2017 | D:6      | Became a worshipper of Pakellas the Inventive
  2032 | D:6      | Reached skill level 5 in Dodging
  2610 | D:1      | Reached * piety under Pakellas
  2610 | D:1      | Received a gift from Pakellas
  2694 | D:1      | Reached skill level 1 in Evocations
  3250 | D:1      | Gained mutation: You are resistant to hostile enchantments. [potion of mutation]
  3250 | D:1      | Gained mutation: You are dopey. (Int -2) [potion of mutation]
  3588 | D:2      | Reached ** piety under Pakellas
  3588 | D:2      | Received a gift from Pakellas
  3836 | D:3      | Noticed Natasha
  3854 | D:3      | Reached skill level 2 in Evocations
  3865 | D:3      | Killed Natasha
  3945 | D:3      | Reached skill level 3 in Evocations
  3945 | D:3      | Reached XP level 8. HP: 50/58 MP: 10/10
  4012 | D:3      | Noticed Natasha
  4015 | D:3      | Killed Natasha
  4401 | D:3      | Noticed Natasha
  4416 | D:3      | Killed Natasha
  4729 | D:3      | Reached skill level 4 in Evocations
  5246 | D:4      | Reached skill level 5 in Evocations
  5272 | D:4      | Noticed Grinder
  5284 | D:4      | Paralysed by Grinder for 2 turns
  5291 | D:4      | Killed Grinder
  5291 | D:4      | Reached skill level 6 in Evocations
  5311 | D:4      | Found Cokhlin's Book Shop.
  5413 | D:4      | Found a sparkling altar of Nemelex Xobeh.
  5794 | D:5      | Noticed Menkaure
  5798 | D:5      | Killed Menkaure
  5798 | D:5      | Reached skill level 7 in Evocations
  5936 | D:5      | Noticed Edmund
  5969 | D:5      | Killed Edmund
  5969 | D:5      | Reached XP level 9. HP: 44/64 MP: 6/14
  5980 | D:5      | Reached *** piety under Pakellas
  5980 | D:5      | Received a gift from Pakellas
  6167 | D:5      | Found a sacrificial altar of Ru.
  6292 | D:6      | Reached skill level 8 in Evocations
  6613 | D:6      | Found a snail-covered altar of Cheibriados.
  6642 | D:6      | Found a bloodstained altar of Trog.
  7010 | D:7      | Bought a scroll of fog for 32 gold pieces
  7010 | D:7      | Bought a scroll of blinking for 120 gold pieces
  7221 | D:7      | Reached skill level 9 in Evocations
  7222 | D:7      | Found a shimmering altar of Xom.
  7257 | D:7      | Found a shimmering altar of Xom.
  7257 | D:7      | Found a shimmering altar of Xom.
  7258 | D:7      | Found a shimmering altar of Xom.
  7258 | D:7      | Noticed a red ugly thing
  7481 | D:7      | Noticed Duvessa
  7498 | D:7      | Killed Duvessa
  7522 | D:7      | Noticed Dowan
  7544 | D:7      | Killed Dowan
  7544 | D:7      | Reached skill level 10 in Evocations
  7550 | D:7      | Found a shimmering altar of Xom.
  7661 | D:7      | Killed a red ugly thing
  7665 | D:7      | Gained mutation: You are agile. (Dex +2) [mutagenic meat]
  7666 | D:7      | Gained mutation: You evolve. [mutagenic meat]
  7667 | D:7      | Gained mutation: You have sharp fingernails. [mutagenic meat]
  7737 | D:7      | Bought a scroll of identify for 32 gold pieces
  7737 | D:7      | Bought a scroll of remove curse for 48 gold pieces
  7890 | D:8      | Reached skill level 11 in Evocations
  7898 | D:8      | Reached XP level 10. HP: 46/70 MP: 15/18
  7913 | D:8      | Reached **** piety under Pakellas
  7913 | D:8      | Received a gift from Pakellas
  8142 | D:8      | Gained mutation: You have very sharp fingernails. [evolution]
  8379 | D:8      | Found Qaliumm's Gadget Shoppe.
  8451 | D:8      | Found a staircase to the Lair.
  8455 | D:8      | Reached skill level 12 in Evocations
  8565 | D:8      | Gained mutation: You have claws for hands. [mutagenic meat]
  8566 | D:8      | Gained mutation: Your spells are a little harder to cast, but a little more powerful. [mutagenic meat]
  8567 | D:8      | Gained mutation: Scrolls take you a little longer to read. [mutagenic meat]
  8569 | D:8      | Gained mutation: You are very dopey. (Int -4) [mutagenic meat]
  8936 | D:9      | Reached ***** piety under Pakellas
  8936 | D:9      | Received a gift from Pakellas
  9005 | D:9      | Noticed a red ugly thing
  9009 | D:9      | Killed a red ugly thing
  9021 | D:9      | Lost mutation: Scrolls take you a little longer to read. [evolution]
  9021 | D:9      | Lost mutation: You evolve. [end of evolution]
  9048 | D:9      | Reached skill level 5 in Fighting
  9379 | D:9      | Found an ancient bone altar of Kikubaaqudgha.
  9951 | D:10     | Entered Level 10 of the Dungeon
  9951 | D:10     | Noticed Maud
 10021 | D:10     | Killed Maud
 10021 | D:10     | Reached skill level 5 in Armour
 10021 | D:10     | Reached XP level 11. HP: 36/79 MP: 20/20
 10650 | D:10     | Found a staircase to the Orcish Mines.
 11351 | D:10     | Noticed a two-headed hydra
 11366 | D:10     | Killed a one-headed hydra
 11366 | D:10     | Reached skill level 5 in Shields
 11579 | Orc:1    | Entered Level 1 of the Orcish Mines
 11579 | Orc:1    | Noticed an orc knight
 11594 | Orc:1    | Killed an orc knight
 11596 | Orc:1    | Noticed an orc knight
 11621 | Orc:1    | Noticed an orc sorcerer
 11658 | Orc:1    | Shot with a bolt by an orc knight

Skill      XL: |  1  2  3  4  5  6  7  8  9 10 11 |
---------------+----------------------------------+-----
Short Blades   | 3 4 5 6 7 8 |  8.0
Dodging        | 4 6 7 |  7.8
Evocations     | 3 7 11 12 | 12.0
Armour         | 5 6 |  6.6
Fighting       | 5 |  5.0
Shields        | 5 |  5.0

Action                   |  1- 3 |  4- 6 |  7- 9 | 10-12 || total
-------------------------+-------+-------+-------+-------++-------
Melee: Rapier            |    75 |   184 |   547 |       ||   806
       Short sword       |       |       |   109 |   595 ||   704
       Hand axe          |       |       |       |     8 ||     8
Invok: Quick Charge      |       |       |     6 |     2 ||     8
Evoke: Wand              |       |       |    50 |    54 ||   104
       Deck              |       |       |     7 |       ||     7
       Rod               |       |       |       |     6 ||     6
  Use: Scroll            |       |       |    18 |     5 ||    23
       Potion            |       |       |     4 |     1 ||     5
 Stab: Paralysed         |       |       |    13 |    11 ||    24
       Distracted        |       |       |     2 |       ||     2
       Confused          |       |       |     4 |    22 ||    26
  Eat: Chunk             |       |     3 |    24 |    39 ||    66
Armor: Scale mail        |    30 |    80 |   128 |       ||   238
       Plate armour      |       |       |    19 |   130 ||   149
       Leather armour    |       |       |     4 |       ||     4
Dodge: Dodged            |    16 |    47 |   195 |    62 ||   320
Block: Shield            |    21 |    92 |   243 |   174 ||   530
